Sharks vs Blackhawks

Created - 12 février 2021 at 15:54

Goals
1 2 3 T
Sharks 0 0 1 1
Blackhawks 0 3 1 4
Shots
1 2 3 T
Sharks 8 13 11 32
Blackhawks 15 9 11 35

1st period

No Goal

Penalties :
No Penalty

2nd period

1. Blackhawks , Andrew Shaw 4 (Ryan Ellis 20) at 1:56
2. Blackhawks , Mark Stone 16 (Mikael Backlund 25) at 3:19 (PP)
3. Blackhawks , Michael Chaput 2 (Andrew Shaw 5, Alex Steen 5) at 5:17

Penalties :
Brendan Gaunce (SJS) for Holding (Minor) at 3:18, Tyler Bertuzzi (CHI) for Tripping (Minor) at 10:31

3rd period

4. Sharks , Andreas Johnsson 5 (Shea Theodore 7, Teuvo Teravainen 19) at 3:57
5. Blackhawks , Brett Connolly 5 (Tyler Bertuzzi 13, Yanni Gourde 11) at 6:38 (PP)

Penalties :
Gabriel Landeskog (SJS) for Roughing (Minor) at 0:14, Boone Jenner (SJS) for Boarding (Minor) at 5:52, Brendan Gaunce (SJS) for Tripping (Minor) at 13:43

Goalie Stats

Darcy Kuemper (SJS), 31 saves from 35 shots - (0,886), L, 17-6-3, 60:00 minutes
David Rittich (CHI), 31 saves from 32 shots - (0,969), W, 5-4-1, 60:00 minutes

Players Stats for Sharks

Player Name              G  A  P  +/- PIM S  H  SB GA TA FO     MP     PP MP  PK MP  
------------------------------------------------------------------------------------
Alex Pietrangelo         0  0  0  -2  0   1  1  1  1  0  0/0    26:24   1:06   3:02 
Andreas Johnsson         1  0  1   0  0   1  2  0  0  0  0/0    16:17   0:00   0:00 
Boone Jenner             0  0  0  -1  2   3  3  1  0  2  8/16   21:34   0:48   2:08 
Brendan Gaunce           0  0  0  -1  4   0  1  0  0  1  0/0     9:20   0:00   0:37 
Colton Sceviour          0  0  0   0  0   0  0  0  0  0  0/0     3:37   0:00   2:54 
Dylan Larkin             0  0  0   0  0   4  0  1  2  1  4/7    16:37   1:11   0:18 
Gabriel Landeskog        0  0  0   0  2   2  3  0  0  0  0/0    17:20   1:11   0:00 
Jonathan Huberdeau       0  0  0   0  0   3  1  0  1  1  3/6    19:17   0:48   2:00 
Justin Braun             0  0  0   0  0   1  2  2  0  1  0/0    21:56   0:00   3:02 
Kenny Agostino           0  0  0   0  0   1  1  0  0  0  0/0    13:24   0:00   0:00 
Kristians Rubins         0  0  0   1  0   0  0  0  0  0  0/0    15:22   0:00   0:00 
Mark Borowiecki          0  0  0  -2  0   1  5  0  0  0  0/0    21:58   0:53   1:43 
Michael Raffl            0  0  0  -1  0   2  1  0  0  0  0/0    10:18   0:00   1:33 
Mirco Mueller            0  0  0   0  0   2  4  2  1  0  0/0    21:17   0:53   1:43 
Robert Thomas            0  0  0   0  0   0  0  0  0  2  2/2    14:21   0:00   0:00 
Shea Theodore            0  1  1   1  0   1  0  0  1  1  0/0    13:03   1:06   0:00 
Sidney Crosby            0  0  0   0  0   4  0  1  0  0  11/20  17:05   1:11   0:00 
Teuvo Teravainen         0  1  1   0  0   6  0  0  0  1  0/1    16:01   0:48   0:00 

Players Stats for Blackhawks

Player Name              G  A  P  +/- PIM S  H  SB GA TA FO     MP     PP MP  PK MP  
------------------------------------------------------------------------------------
Alex Steen               0  1  1   1  0   3  1  0  0  0  0/1    11:55   0:02   0:29 
Andrew Shaw              1  1  2   1  0   2  3  1  0  0  0/0    11:26   0:02   0:00 
Braydon Coburn           0  0  0   1  0   0  4  1  0  0  0/0    17:35   0:00   1:01 
Brett Connolly           1  0  1   0  0   1  1  0  0  0  0/0    17:07   2:08   0:48 
Carl Hagelin             0  0  0   0  0   4  3  0  0  0  0/1    12:25   0:02   0:58 
Carson Soucy             0  0  0   1  0   1  0  1  1  0  0/0    18:42   1:36   0:00 
Derek Forbort            0  0  0   0  0   2  1  0  0  1  0/0    16:00   0:00   1:01 
Luke Kunin               0  0  0   0  0   3  3  1  0  0  12/21  19:26   2:08   0:45 
Mark Stone               1  0  1   0  0   3  0  0  3  0  0/2    19:07   2:35   0:00 
Matt Benning             0  0  0   0  0   1  1  0  0  1  0/0    18:28   3:09   0:00 
Michael Chaput           1  0  1   1  0   1  1  0  1  0  4/6    11:08   0:00   0:00 
Mikael Backlund          0  1  1   0  0   2  1  0  1  1  4/14   13:38   2:35   0:00 
Niklas Hjalmarsson       0  0  0   0  0   1  1  0  0  1  0/0    22:05   0:00   0:58 
Ryan Ellis               0  1  1   0  0   1  1  3  1  2  0/0    23:57   1:36   0:58 
Tyler Bertuzzi           0  1  1   0  2   4  1  1  0  0  0/0    16:24   2:08   0:00 
Tyler Bozak              0  0  0   0  0   4  1  1  1  0  3/6    15:14   0:00   0:58 
Yanni Gourde             0  1  1   0  0   0  2  0  1  0  0/0    14:16   3:09   0:00 
Zach Parise              0  0  0   0  0   2  3  0  1  0  1/1    19:07   2:35   0:00 

3 Stars

1 - David Rittich (CHI)
2 - Andrew Shaw (CHI)
3 - Michael Chaput (CHI)

Power Play

Sharks - 0 on 1 Attempt(s) - 0,00%
Blackhawks - 2 on 4 Attempt(s) - 50,00%

Penalty Kill

Sharks - 2 on 4 Attempt(s) - 50,00% - Score 0 goal in Penalty Kill
Blackhawks - 1 on 1 Attempt(s) - 100,00% - Score 0 goal in Penalty Kill

Team Stat

Sharks - Hits : 24 - Faceoff Wins : 28 - Blocked Shots : 8 - Penalty Minutes : 8
Blackhawks - Hits : 28 - Faceoff Wins : 24 - Blocked Shots : 9 - Penalty Minutes : 2

Official

Referees : Jake Brenk and Frederick L'Ecuyer
Linesman : Dennis Urban and Jeff Walker

Game Notes

No Game Note

Finance

Level 1 -- Attendance: 4426 (73,77%) -- Ticket Income 442 600 $
Level 2 -- Attendance: 5000 (100,00%) -- Ticket Income 300 000 $
Level 3 -- Attendance: 2000 (100,00%) -- Ticket Income 70 000 $
Level 4 -- Attendance: 4000 (100,00%) -- Ticket Income 80 000 $
Luxury Box -- Attendance: 687 (68,70%) -- Ticket Income 137 400 $
Game was played at the United Center.
Total Attendance: 16113 (89,52%)
Total Ticket Income: 1 030 000 $
Other Income: 504 700 $
Total Income: 1 534 700 $

Sharks

5 vs 5 Forward 
   Center                   Left Wing                Right Wing               Time % Phy DF OF 
 1 Sidney Crosby            Jonathan Huberdeau       Gabriel Landeskog        32     0   2  3  
 2 Dylan Larkin             Andreas Johnsson         Teuvo Teravainen         28     0   2  3  
 3 Boone Jenner             Kenny Agostino           Robert Thomas            25     0   4  1  
 4 Boone Jenner             Brendan Gaunce           Michael Raffl            15     0   5  0  

5 vs 5 Defense 
   Defense                  Defense                                           Time % Phy DF OF 
 1 Alex Pietrangelo         Mark Borowiecki                                   38     0   4  1  
 2 Justin Braun             Mirco Mueller                                     36     0   4  1  
 3 Shea Theodore            Kristians Rubins                                  21     0   5  0  
 4 Alex Pietrangelo         Kristians Rubins                                  5      0   5  0  

PowerPlay Forward 
   Center                   Left Wing                Right Wing               Time % Phy DF OF 
 1 Sidney Crosby            Gabriel Landeskog        Dylan Larkin             55     0   0  5  
 2 Boone Jenner             Teuvo Teravainen         Jonathan Huberdeau       45     0   0  5  

PowerPlay Defense
   Defense                  Defense                                           Time % Phy DF OF 
 1 Alex Pietrangelo         Shea Theodore                                     55     0   1  4  
 2 Mark Borowiecki          Mirco Mueller                                     45     0   1  4  

Penalty Kill 4 Players Forward 
   Center                   Wing                     Time % Phy DF OF 
 1 Boone Jenner             Colton Sceviour          55     0   5  0  
 2 Brendan Gaunce           Michael Raffl            45     0   5  0  

Penalty Kill 4 Players Defense
   Defense                  Defense                  Time % Phy DF OF 
 1 Alex Pietrangelo         Justin Braun             55     0   5  0  
 2 Mark Borowiecki          Mirco Mueller            45     0   5  0  

Penalty Kill - 3 Players Forward 
   Forward                                           Time % Phy DF OF 
 1 Colton Sceviour                                   55     0   5  0  
 2 Brendan Gaunce                                    45     0   5  0  

Penalty Kill - 3 Players Defense
   Defense                  Defense                  Time % Phy DF OF 
 1 Alex Pietrangelo         Justin Braun             55     0   5  0  
 2 Mark Borowiecki          Mirco Mueller            45     0   5  0  

4 vs 4 Forward 
   Center                   Wing                     Time % Phy DF OF 
 1 Sidney Crosby            Gabriel Landeskog        55     0   3  2  
 2 Dylan Larkin             Jonathan Huberdeau       45     0   3  2  

4 vs 4 Defense
   Defense                  Defense                  Time % Phy DF OF 
 1 Alex Pietrangelo         Shea Theodore            55     0   4  1  
 2 Mark Borowiecki          Mirco Mueller            45     0   4  1  

Last Minutes Offensive
   Center                   Left Wing                Right Wing               Defense                  Defense                  
   Sidney Crosby            Gabriel Landeskog        Dylan Larkin             Alex Pietrangelo         Justin Braun             

Last Minutes Defensive
   Center                   Left Wing                Right Wing               Defense                  Defense                  
   Sidney Crosby            Gabriel Landeskog        Dylan Larkin             Alex Pietrangelo         Justin Braun             

Goaltenders
Starting : Darcy Kuemper            
Backup : Jake Allen               

Extra Forwards
Normal : Andreas Johnsson, Robert Thomas, Colton Sceviour - PP : Andreas Johnsson, Robert Thomas - PK : Colton Sceviour
Extra Defensemen
Normal : Shea Theodore, Mirco Mueller, Mark Borowiecki - PP : Shea Theodore - PK : Kristians Rubins, Mark Borowiecki
Penalty Shots
Sidney Crosby, Gabriel Landeskog, Dylan Larkin, Jonathan Huberdeau, Teuvo Teravainen
Custom OT Lines Forwards
Sidney Crosby, Gabriel Landeskog, Dylan Larkin, Jonathan Huberdeau, Teuvo Teravainen, Boone Jenner, Andreas Johnsson, Robert Thomas, Colton Sceviour, Kenny Agostino
Custom OT Lines Defensemen
Alex Pietrangelo, Shea Theodore, Mark Borowiecki, Mirco Mueller, Justin Braun

Scratches
Dillon Dube (Healthy), Zach Werenski (Sore Right Knee Injury), Brett Kulak (Healthy)

Blackhawks

5 vs 5 Forward 
   Center                   Left Wing                Right Wing               Time % Phy DF OF 
 1 Luke Kunin               Zach Parise              Mark Stone               34     1   1  3  
 2 Tyler Bozak              Tyler Bertuzzi           Brett Connolly           28     1   2  2  
 3 Mikael Backlund          Yanni Gourde             Carl Hagelin             22     1   3  1  
 4 Michael Chaput           Alex Steen               Andrew Shaw              16     2   2  1  

5 vs 5 Defense 
   Defense                  Defense                                           Time % Phy DF OF 
 1 Ryan Ellis               Niklas Hjalmarsson                                40     1   2  2  
 2 Derek Forbort            Matt Benning                                      30     1   3  1  
 3 Braydon Coburn           Carson Soucy                                      30     3   2  0  
 4 Ryan Ellis               Niklas Hjalmarsson                                0      1   2  2  

PowerPlay Forward 
   Center                   Left Wing                Right Wing               Time % Phy DF OF 
 1 Mikael Backlund          Zach Parise              Mark Stone               60     0   1  4  
 2 Luke Kunin               Tyler Bertuzzi           Brett Connolly           40     0   1  4  

PowerPlay Defense
   Defense                  Defense                                           Time % Phy DF OF 
 1 Matt Benning             Yanni Gourde                                      60     0   1  4  
 2 Carson Soucy             Ryan Ellis                                        40     0   2  3  

Penalty Kill 4 Players Forward 
   Center                   Wing                     Time % Phy DF OF 
 1 Tyler Bozak              Carl Hagelin             60     1   3  1  
 2 Luke Kunin               Alex Steen               40     1   3  1  

Penalty Kill 4 Players Defense
   Defense                  Defense                  Time % Phy DF OF 
 1 Ryan Ellis               Niklas Hjalmarsson       60     1   3  1  
 2 Derek Forbort            Braydon Coburn           40     1   3  1  

Penalty Kill - 3 Players Forward 
   Forward                                           Time % Phy DF OF 
 1 Carl Hagelin                                      60     1   3  1  
 2 Tyler Bozak                                       40     1   3  1  

Penalty Kill - 3 Players Defense
   Defense                  Defense                  Time % Phy DF OF 
 1 Ryan Ellis               Niklas Hjalmarsson       60     1   3  1  
 2 Derek Forbort            Matt Benning             40     1   3  1  

4 vs 4 Forward 
   Center                   Wing                     Time % Phy DF OF 
 1 Mikael Backlund          Mark Stone               60     1   2  2  
 2 Luke Kunin               Zach Parise              40     1   2  2  

4 vs 4 Defense
   Defense                  Defense                  Time % Phy DF OF 
 1 Ryan Ellis               Niklas Hjalmarsson       60     1   2  2  
 2 Derek Forbort            Braydon Coburn           40     1   2  2  

Last Minutes Offensive
   Center                   Left Wing                Right Wing               Defense                  Defense                  
   Mikael Backlund          Zach Parise              Mark Stone               Ryan Ellis               Niklas Hjalmarsson       

Last Minutes Defensive
   Center                   Left Wing                Right Wing               Defense                  Defense                  
   Tyler Bozak              Alex Steen               Yanni Gourde             Ryan Ellis               Niklas Hjalmarsson       

Goaltenders
Starting : David Rittich            
Backup : Frederik Andersen        

Extra Forwards
Normal : Mark Stone, Tyler Bertuzzi, Mikael Backlund - PP : Mark Stone, Tyler Bertuzzi - PK : Alex Steen
Extra Defensemen
Normal : Ryan Ellis, Niklas Hjalmarsson, Derek Forbort - PP : Ryan Ellis - PK : Ryan Ellis, Niklas Hjalmarsson
Penalty Shots
Braydon Coburn, Alex Steen, Zach Parise, Tyler Bozak, Ryan Ellis
Custom OT Lines Forwards
Mark Stone, Zach Parise, Tyler Bertuzzi, Mikael Backlund, Alex Steen, Luke Kunin, Tyler Bozak, Yanni Gourde, Brett Connolly, Andrew Shaw
Custom OT Lines Defensemen
Ryan Ellis, Niklas Hjalmarsson, Derek Forbort, Braydon Coburn, Carson Soucy

Scratches
Markus Nutivaara (Healthy), Brock McGinn (Healthy)

% Time on Ice - Sharks

Lines # - Real PCT - Wanted PCT - Time Play
Normal Forward
1 - 30% - 32% - 15:54
2 - 30% - 28% - 15:59
3 - 25% - 25% - 13:24
4 - 15% - 15% - 7:59
Normal Defense
1 - 35% - 38% - 18:40
2 - 36% - 36% - 19:14
3 - 22% - 21% - 11:46
4 - 7% - 5% - 3:36
PP Forward
1 - 60% - 55% - 1:11
2 - 40% - 45% - 0:48
PP Defense
1 - 55% - 55% - 1:06
2 - 45% - 45% - 0:53
PK Forward
1 - 67% - 55% - 3:12
2 - 33% - 45% - 1:33
PK Defense
1 - 64% - 55% - 3:02
2 - 36% - 45% - 1:43
PK3 Forward
1 - 0% - 55%
2 - 0% - 45%
PK3 Defense
1 - 0% - 55%
2 - 0% - 45%
44 Forward
1 - 0% - 55%
2 - 0% - 45%
44 Defense
1 - 0% - 55%
2 - 0% - 45%
Last Minute Offensive  - 0:00
Last Minute Defensive  - 0:00
Total
Forward - 60:00
Defense - 60:00

% Time on Ice - Blackhawks

Lines # - Real PCT - Wanted PCT - Time Play
Normal Forward
1 - 32% - 34% - 16:54
2 - 27% - 28% - 14:11
3 - 21% - 22% - 11:03
4 - 21% - 16% - 11:08
Normal Defense
1 - 40% - 40% - 21:11
2 - 29% - 30% - 15:37
3 - 31% - 30% - 16:28
4 - 0% - 0% - 0:00
PP Forward
1 - 55% - 60% - 2:37
2 - 45% - 40% - 2:08
PP Defense
1 - 66% - 60% - 3:09
2 - 34% - 40% - 1:36
PK Forward
1 - 89% - 60% - 1:46
2 - 11% - 40% - 0:13
PK Defense
1 - 49% - 60% - 0:58
2 - 51% - 40% - 1:01
PK3 Forward
1 - 0% - 60%
2 - 0% - 40%
PK3 Defense
1 - 0% - 60%
2 - 0% - 40%
44 Forward
1 - 0% - 60%
2 - 0% - 40%
44 Defense
1 - 0% - 60%
2 - 0% - 40%
Last Minute Offensive  - 0:00
Last Minute Defensive  - 0:00
Total
Forward - 60:00
Defense - 60:00

Play-by-Play

1st period


0:01 of 1st period - Luke Kunin wins face-off versus Sidney Crosby in neutral zone.
0:04 of 1st period - Jonathan Huberdeau is hit by Luke Kunin and loses puck.
2:11 of 1st period - Wrist shot by Michael Raffl.
2:11 of 1st period - Stopped by David Rittich without a rebound.
2:12 of 1st period - Boone Jenner wins face-off versus Mikael Backlund in Blackhawks zone.
2:27 of 1st period - Snap shot by Yanni Gourde.
2:27 of 1st period - Shot Misses the Net.
2:37 of 1st period - Niklas Hjalmarsson is hit by Mark Borowiecki and loses puck.
5:02 of 1st period - Justin Braun is hit by Braydon Coburn and loses puck.
5:13 of 1st period - Wrist shot by Tyler Bozak.
5:13 of 1st period - Shot Blocked by Mirco Mueller.
6:27 of 1st period - Wrist shot by Mikael Backlund.
6:27 of 1st period - Stopped by Darcy Kuemper without a rebound.
6:28 of 1st period - Boone Jenner wins face-off versus Luke Kunin in Sharks zone.
7:14 of 1st period - Wrist shot by Jonathan Huberdeau.
7:14 of 1st period - Shot Misses the Net.
7:34 of 1st period - Wrist shot by Yanni Gourde.
7:34 of 1st period - Shot Blocked by Boone Jenner.
8:24 of 1st period - Slapshot by Dylan Larkin.
8:24 of 1st period - Stopped by David Rittich without a rebound.
8:25 of 1st period - Dylan Larkin wins face-off versus Luke Kunin in Blackhawks zone.
8:35 of 1st period - Zach Parise is hit by Andreas Johnsson and loses puck.
8:40 of 1st period - Snap shot by Teuvo Teravainen.
8:40 of 1st period - Shot Misses the Net.
9:01 of 1st period - Snap shot by Teuvo Teravainen.
9:01 of 1st period - Stopped by David Rittich with a rebound.
10:16 of 1st period - Snap shot by Zach Parise.
10:16 of 1st period - Stopped by Darcy Kuemper with a rebound.
10:32 of 1st period - Snap shot by Teuvo Teravainen.
10:32 of 1st period - Stopped by David Rittich without a rebound.
10:33 of 1st period - Tyler Bozak wins face-off versus Boone Jenner in Blackhawks zone.
10:48 of 1st period - Tyler Bozak is hit by Kenny Agostino.
10:58 of 1st period - Carson Soucy is hit by Jonathan Huberdeau and loses puck.
11:39 of 1st period - Mark Borowiecki is hit by Tyler Bozak and loses puck.
12:01 of 1st period - Icing by Niklas Hjalmarsson.
12:02 of 1st period - Robert Thomas wins face-off versus Carl Hagelin in Blackhawks zone.
12:07 of 1st period - Wrist shot by Robert Thomas.
12:07 of 1st period - Shot Misses the Net.
12:38 of 1st period - Snap shot by Brett Connolly.
12:38 of 1st period - Deflect By Tyler Bertuzzi.
12:38 of 1st period - Stopped by Darcy Kuemper with a rebound.
12:40 of 1st period - Snap shot by Tyler Bozak.
12:40 of 1st period - Shot Misses the Net.
12:42 of 1st period - Wrist shot by Matt Benning.
12:42 of 1st period - Shot Misses the Net.
12:53 of 1st period - Wrist shot by Tyler Bozak.
12:53 of 1st period - Shot Misses the Net.
12:55 of 1st period - Wrist shot by Tyler Bertuzzi.
12:55 of 1st period - Stopped by Darcy Kuemper with a rebound.
12:57 of 1st period - Slapshot by Niklas Hjalmarsson.
12:57 of 1st period - Shot Blocked by Sidney Crosby.
12:59 of 1st period - Wrist shot by Tyler Bozak.
12:59 of 1st period - Shot Misses the Net.
13:01 of 1st period - Backhand shot by Tyler Bozak.
13:01 of 1st period - Stopped by Darcy Kuemper without a rebound.
13:02 of 1st period - Mikael Backlund wins face-off versus Boone Jenner in Sharks zone.
13:11 of 1st period - Wrist shot by Carl Hagelin.
13:11 of 1st period - Stopped by Darcy Kuemper with a rebound.
13:13 of 1st period - Snap shot by Carl Hagelin.
13:13 of 1st period - Stopped by Darcy Kuemper without a rebound.
13:14 of 1st period - Boone Jenner wins face-off versus Mikael Backlund in Sharks zone.
13:23 of 1st period - Snap shot by Carl Hagelin.
13:23 of 1st period - Shot Misses the Net.
13:25 of 1st period - Snap shot by Carl Hagelin.
13:25 of 1st period - Stopped by Darcy Kuemper with a rebound.
13:27 of 1st period - Slapshot by Carson Soucy.
13:27 of 1st period - Deflect By Kenny Agostino.
13:27 of 1st period - Stopped by Darcy Kuemper with a rebound.
13:29 of 1st period - Snap shot by Carl Hagelin.
13:29 of 1st period - Stopped by Darcy Kuemper without a rebound.
13:30 of 1st period - Luke Kunin wins face-off versus Sidney Crosby in Sharks zone.
13:59 of 1st period - Slapshot by Ryan Ellis.
13:59 of 1st period - Shot Misses the Net.
14:01 of 1st period - Snap shot by Alex Steen.
14:01 of 1st period - Stopped by Darcy Kuemper with a rebound.
14:07 of 1st period - Snap shot by Andrew Shaw.
14:07 of 1st period - Shot Misses the Net.
14:09 of 1st period - Snap shot by Niklas Hjalmarsson.
14:09 of 1st period - Shot Hit the Post.
14:18 of 1st period - Off-side.
14:19 of 1st period - Dylan Larkin wins face-off versus Mikael Backlund in neutral zone.
14:44 of 1st period - Mark Stone is hit by Mirco Mueller and loses puck.
15:45 of 1st period - Snap shot by Carl Hagelin.
15:45 of 1st period - Shot Misses the Net.
16:15 of 1st period - Snap shot by Mark Stone.
16:15 of 1st period - Shot Misses the Net.
16:27 of 1st period - Slapshot by Alex Pietrangelo.
16:27 of 1st period - Stopped by David Rittich with a rebound.
16:29 of 1st period - Slapshot by Alex Pietrangelo.
16:29 of 1st period - Shot Misses the Net.
16:41 of 1st period - Wrist shot by Ryan Ellis.
16:41 of 1st period - Stopped by Darcy Kuemper with a rebound.
16:43 of 1st period - Slapshot by Braydon Coburn.
16:43 of 1st period - Shot Blocked by Justin Braun.
16:45 of 1st period - Wrist shot by Alex Steen.
16:45 of 1st period - Stopped by Darcy Kuemper without a rebound.
16:46 of 1st period - Sidney Crosby wins face-off versus Alex Steen in Sharks zone.
17:38 of 1st period - Wrist shot by Kenny Agostino.
17:38 of 1st period - Stopped by David Rittich without a rebound.
17:39 of 1st period - Tyler Bozak wins face-off versus Boone Jenner in Blackhawks zone.
17:48 of 1st period - Wrist shot by Alex Pietrangelo.
17:48 of 1st period - Deflect By Boone Jenner.
17:48 of 1st period - Stopped by David Rittich with a rebound.
18:06 of 1st period - Snap shot by Tyler Bertuzzi.
18:06 of 1st period - Stopped by Darcy Kuemper with a rebound.
18:24 of 1st period - Dylan Larkin is hit by Luke Kunin and loses puck.
18:33 of 1st period - Zach Parise is hit by Mirco Mueller and loses puck.
18:53 of 1st period - Off-side.
18:54 of 1st period - Jonathan Huberdeau wins face-off versus Michael Chaput in neutral zone.
18:59 of 1st period - Wrist shot by Sidney Crosby.
18:59 of 1st period - Stopped by David Rittich without a rebound.
19:00 of 1st period - Michael Chaput wins face-off versus Sidney Crosby in Blackhawks zone.
19:57 of 1st period - Wrist shot by Tyler Bozak.
19:57 of 1st period - Stopped by Darcy Kuemper without a rebound.
19:58 of 1st period - Sidney Crosby wins face-off versus Mikael Backlund in Sharks zone.
Goals for this period are 0 for Sharks vs 0 for Blackhawks.
Shots for this period are 8 for Sharks vs 15 for Blackhawks.

2nd period


0:01 of 2nd period - Mikael Backlund wins face-off versus Boone Jenner in neutral zone.
0:12 of 2nd period - Slapshot by Boone Jenner.
0:12 of 2nd period - Stopped by David Rittich without a rebound.
0:13 of 2nd period - Boone Jenner wins face-off versus Mark Stone in Blackhawks zone.
0:16 of 2nd period - Snap shot by Boone Jenner.
0:16 of 2nd period - Shot Blocked by Luke Kunin.
0:38 of 2nd period - Niklas Hjalmarsson is hit by Mark Borowiecki.
0:43 of 2nd period - Off-side.
0:44 of 2nd period - Sidney Crosby wins face-off versus Mikael Backlund in neutral zone.
1:10 of 2nd period - Luke Kunin is hit by Boone Jenner and loses puck.
1:32 of 2nd period - Snap shot by Dylan Larkin.
1:32 of 2nd period - Stopped by David Rittich with a rebound.
1:56 of 2nd period - Snap shot by Andrew Shaw.
1:56 of 2nd period - Goal by Andrew Shaw - Sharks : 0 - Blackhawks : 1.
1:57 of 2nd period - Boone Jenner wins face-off versus Luke Kunin in neutral zone.
2:00 of 2nd period - Derek Forbort is hit by Mark Borowiecki.
2:04 of 2nd period - Luke Kunin is hit by Mark Borowiecki.
2:24 of 2nd period - Matt Benning is hit by Gabriel Landeskog and loses puck.
3:18 of 2nd period - Minor Penalty to Brendan Gaunce for Holding.
3:19 of 2nd period - Mikael Backlund wins face-off versus Boone Jenner in Sharks zone.
3:19 of 2nd period - Snap shot by Mark Stone.
3:19 of 2nd period - Goal by Mark Stone - Sharks : 0 - Blackhawks : 2.
3:20 of 2nd period - Luke Kunin wins face-off versus Boone Jenner in neutral zone.
3:29 of 2nd period - Snap shot by Zach Parise.
3:29 of 2nd period - Shot Blocked by Alex Pietrangelo.
3:45 of 2nd period - Mark Borowiecki is hit by Yanni Gourde.
3:53 of 2nd period - Yanni Gourde is hit by Gabriel Landeskog and loses puck.
4:26 of 2nd period - Ryan Ellis is hit by Mirco Mueller and loses puck.
5:17 of 2nd period - Snap shot by Michael Chaput.
5:17 of 2nd period - Goal by Michael Chaput - Sharks : 0 - Blackhawks : 3.
5:18 of 2nd period - Sidney Crosby wins face-off versus Luke Kunin in neutral zone.
5:27 of 2nd period - Slapshot by Mark Stone.
5:27 of 2nd period - Stopped by Darcy Kuemper without a rebound.
5:28 of 2nd period - Luke Kunin wins face-off versus Jonathan Huberdeau in Sharks zone.
5:43 of 2nd period - Wrist shot by Jonathan Huberdeau.
5:43 of 2nd period - Stopped by David Rittich without a rebound.
5:44 of 2nd period - Boone Jenner wins face-off versus Mikael Backlund in Blackhawks zone.
6:09 of 2nd period - Jonathan Huberdeau is hit by Braydon Coburn and loses puck.
7:00 of 2nd period - Shea Theodore is hit by Andrew Shaw and loses puck.
7:17 of 2nd period - Snap shot by Jonathan Huberdeau.
7:17 of 2nd period - Shot Misses the Net.
7:19 of 2nd period - Snap shot by Sidney Crosby.
7:19 of 2nd period - Shot Blocked by Braydon Coburn.
7:21 of 2nd period - Slapshot by Alex Pietrangelo.
7:21 of 2nd period - Deflect By Jonathan Huberdeau.
7:21 of 2nd period - Stopped by David Rittich without a rebound.
7:22 of 2nd period - Dylan Larkin wins face-off versus Luke Kunin in Blackhawks zone.
8:12 of 2nd period - Snap shot by Jonathan Huberdeau.
8:12 of 2nd period - Shot Misses the Net.
8:48 of 2nd period - Snap shot by Luke Kunin.
8:48 of 2nd period - Stopped by Darcy Kuemper with a rebound.
8:50 of 2nd period - Snap shot by Mark Stone.
8:50 of 2nd period - Stopped by Darcy Kuemper without a rebound.
8:51 of 2nd period - Luke Kunin wins face-off versus Sidney Crosby in Sharks zone.
9:02 of 2nd period - Snap shot by Zach Parise.
9:02 of 2nd period - Stopped by Darcy Kuemper without a rebound.
9:03 of 2nd period - Luke Kunin wins face-off versus Boone Jenner in Sharks zone.
9:34 of 2nd period - Snap shot by Tyler Bozak.
9:34 of 2nd period - Shot Misses the Net.
9:36 of 2nd period - Slapshot by Matt Benning.
9:36 of 2nd period - Shot Misses the Net.
9:38 of 2nd period - Slapshot by Derek Forbort.
9:38 of 2nd period - Stopped by Darcy Kuemper without a rebound.
9:39 of 2nd period - Sidney Crosby wins face-off versus Luke Kunin in Sharks zone.
10:06 of 2nd period - Boone Jenner is hit by Mikael Backlund and loses puck.
10:29 of 2nd period - Snap shot by Teuvo Teravainen.
10:29 of 2nd period - Stopped by David Rittich with a rebound.
10:31 of 2nd period - Minor Penalty to Tyler Bertuzzi for Tripping.
10:32 of 2nd period - Sidney Crosby wins face-off versus Tyler Bozak in Blackhawks zone.
10:35 of 2nd period - Snap shot by Sidney Crosby.
10:35 of 2nd period - Shot Blocked by Ryan Ellis.
10:45 of 2nd period - Carl Hagelin is hit by Gabriel Landeskog and loses puck.
10:52 of 2nd period - Gabriel Landeskog is hit by Carl Hagelin and loses puck.
12:19 of 2nd period - Braydon Coburn is hit by Alex Pietrangelo and loses puck.
12:31 of 2nd period - Penalty to Tyler Bertuzzi is over, Tyler Bertuzzi is back on ice.
12:54 of 2nd period - Alex Steen is hit by Andreas Johnsson.
13:45 of 2nd period - Andreas Johnsson is hit by Derek Forbort and loses puck.
14:39 of 2nd period - Andreas Johnsson is hit by Tyler Bertuzzi and loses puck.
14:52 of 2nd period - Luke Kunin is hit by Boone Jenner and loses puck.
15:36 of 2nd period - Justin Braun is hit by Matt Benning and loses puck.
15:47 of 2nd period - Andreas Johnsson is hit by Luke Kunin and loses puck.
15:54 of 2nd period - Ryan Ellis is hit by Mirco Mueller and loses puck.
16:07 of 2nd period - Slapshot by Robert Thomas.
16:07 of 2nd period - Shot Blocked by Ryan Ellis.
16:09 of 2nd period - Wrist shot by Mirco Mueller.
16:09 of 2nd period - Stopped by David Rittich without a rebound.
16:10 of 2nd period - Sidney Crosby wins face-off versus Tyler Bozak in Blackhawks zone.
16:17 of 2nd period - Slapshot by Sidney Crosby.
16:17 of 2nd period - Stopped by David Rittich with a rebound.
16:19 of 2nd period - Snap shot by Jonathan Huberdeau.
16:19 of 2nd period - Shot Misses the Net.
16:21 of 2nd period - Wrist shot by Gabriel Landeskog.
16:21 of 2nd period - Deflect By Sidney Crosby.
16:21 of 2nd period - Stopped by David Rittich with a rebound.
16:23 of 2nd period - Slapshot by Mark Borowiecki.
16:23 of 2nd period - Stopped by David Rittich without a rebound.
16:24 of 2nd period - Mikael Backlund wins face-off versus Sidney Crosby in Blackhawks zone.
16:51 of 2nd period - Carson Soucy is hit by Michael Raffl and loses puck.
17:14 of 2nd period - Snap shot by Teuvo Teravainen.
17:14 of 2nd period - Stopped by David Rittich with a rebound.
17:32 of 2nd period - Sidney Crosby is hit by Andrew Shaw and loses puck.
17:55 of 2nd period - Snap shot by Boone Jenner.
17:55 of 2nd period - Stopped by David Rittich without a rebound.
17:56 of 2nd period - Sidney Crosby wins face-off versus Tyler Bozak in Blackhawks zone.
18:01 of 2nd period - Snap shot by Gabriel Landeskog.
18:01 of 2nd period - Shot Misses the Net.
18:03 of 2nd period - Snap shot by Shea Theodore.
18:03 of 2nd period - Deflect By Gabriel Landeskog.
18:03 of 2nd period - Stopped by David Rittich with a rebound.
18:05 of 2nd period - Snap shot by Shea Theodore.
18:05 of 2nd period - Deflect By Jonathan Huberdeau.
18:05 of 2nd period - Stopped by David Rittich with a rebound.
18:07 of 2nd period - Wrist shot by Jonathan Huberdeau.
18:07 of 2nd period - Shot Blocked by Tyler Bertuzzi.
18:09 of 2nd period - Slapshot by Kristians Rubins.
18:09 of 2nd period - Shot Blocked by Tyler Bozak.
19:26 of 2nd period - Snap shot by Brett Connolly.
19:26 of 2nd period - Shot Misses the Net.
19:40 of 2nd period - Tyler Bertuzzi is hit by Boone Jenner and loses puck.
19:55 of 2nd period - Wrist shot by Luke Kunin.
19:55 of 2nd period - Stopped by Darcy Kuemper with a rebound.
Goals for this period are 0 for Sharks vs 3 for Blackhawks.
Shots for this period are 13 for Sharks vs 9 for Blackhawks.

3rd period


0:01 of 3rd period - Sidney Crosby wins face-off versus Luke Kunin in neutral zone.
0:04 of 3rd period - Ryan Ellis is hit by Mark Borowiecki and loses puck.
0:11 of 3rd period - Slapshot by Luke Kunin.
0:11 of 3rd period - Stopped by Darcy Kuemper without a rebound.
0:12 of 3rd period - Sidney Crosby wins face-off versus Luke Kunin in Sharks zone.
0:14 of 3rd period - Minor Penalty to Gabriel Landeskog for Roughing.
0:15 of 3rd period - Boone Jenner wins face-off versus Mikael Backlund in Sharks zone.
1:48 of 3rd period - Alex Pietrangelo is hit by Yanni Gourde and loses puck.
2:14 of 3rd period - Penalty to Gabriel Landeskog is over, Gabriel Landeskog is back on ice.
2:15 of 3rd period - Alex Steen is hit by Brendan Gaunce and loses puck.
2:29 of 3rd period - Slapshot by Shea Theodore.
2:29 of 3rd period - Stopped by David Rittich without a rebound.
2:30 of 3rd period - Michael Chaput wins face-off versus Dylan Larkin in Blackhawks zone.
2:35 of 3rd period - Kristians Rubins is hit by Michael Chaput.
2:53 of 3rd period - Gabriel Landeskog is hit by Braydon Coburn and loses puck.
3:35 of 3rd period - Snap shot by Dylan Larkin.
3:35 of 3rd period - Stopped by David Rittich without a rebound.
3:36 of 3rd period - Michael Chaput wins face-off versus Dylan Larkin in Blackhawks zone.
3:43 of 3rd period - Snap shot by Teuvo Teravainen.
3:43 of 3rd period - Shot Misses the Net.
3:45 of 3rd period - Snap shot by Justin Braun.
3:45 of 3rd period - Stopped by David Rittich with a rebound.
3:47 of 3rd period - Snap shot by Mirco Mueller.
3:47 of 3rd period - Stopped by David Rittich with a rebound.
3:49 of 3rd period - Snap shot by Teuvo Teravainen.
3:49 of 3rd period - Shot Blocked by Andrew Shaw.
3:51 of 3rd period - Snap shot by Teuvo Teravainen.
3:51 of 3rd period - Shot Misses the Net.
3:53 of 3rd period - Snap shot by Teuvo Teravainen.
3:53 of 3rd period - Shot Misses the Net.
3:55 of 3rd period - Slapshot by Shea Theodore.
3:55 of 3rd period - Shot Misses the Net.
3:57 of 3rd period - Slapshot by Andreas Johnsson.
3:57 of 3rd period - Goal by Andreas Johnsson - Sharks : 1 - Blackhawks : 3.
3:58 of 3rd period - Sidney Crosby wins face-off versus Mark Stone in neutral zone.
3:58 of 3rd period - Jonathan Huberdeau is hit by Zach Parise and loses puck.
4:25 of 3rd period - Alex Pietrangelo is hit by Brett Connolly.
4:55 of 3rd period - Yanni Gourde is hit by Justin Braun and loses puck.
5:16 of 3rd period - Shea Theodore is hit by Andrew Shaw.
5:20 of 3rd period - Snap shot by Andrew Shaw.
5:20 of 3rd period - Stopped by Darcy Kuemper with a rebound.
5:22 of 3rd period - Slapshot by Matt Benning.
5:22 of 3rd period - Shot Misses the Net.
5:24 of 3rd period - Snap shot by Andrew Shaw.
5:24 of 3rd period - Shot Misses the Net.
5:33 of 3rd period - Off-side.
5:34 of 3rd period - Luke Kunin wins face-off versus Boone Jenner in neutral zone.
5:52 of 3rd period - Minor Penalty to Boone Jenner for Boarding.
5:53 of 3rd period - Zach Parise wins face-off versus Jonathan Huberdeau in Sharks zone.
5:55 of 3rd period - Wrist shot by Mikael Backlund.
5:55 of 3rd period - Stopped by Darcy Kuemper with a rebound.
5:57 of 3rd period - Snap shot by Matt Benning.
5:57 of 3rd period - Stopped by Darcy Kuemper without a rebound.
5:58 of 3rd period - Jonathan Huberdeau wins face-off versus Mikael Backlund in Sharks zone.
6:26 of 3rd period - Icing by Yanni Gourde.
6:27 of 3rd period - Luke Kunin wins face-off versus Jonathan Huberdeau in Blackhawks zone.
6:38 of 3rd period - Snap shot by Brett Connolly.
6:38 of 3rd period - Goal by Brett Connolly - Sharks : 1 - Blackhawks : 4.
6:39 of 3rd period - Luke Kunin wins face-off versus Sidney Crosby in neutral zone.
6:54 of 3rd period - Wrist shot by Sidney Crosby.
6:54 of 3rd period - Stopped by David Rittich with a rebound.
6:56 of 3rd period - Snap shot by Jonathan Huberdeau.
6:56 of 3rd period - Shot Blocked by Ryan Ellis.
7:51 of 3rd period - Wrist shot by Tyler Bozak.
7:51 of 3rd period - Stopped by Darcy Kuemper with a rebound.
7:53 of 3rd period - Slapshot by Tyler Bozak.
7:53 of 3rd period - Shot Blocked by Dylan Larkin.
7:55 of 3rd period - Slapshot by Derek Forbort.
7:55 of 3rd period - Stopped by Darcy Kuemper with a rebound.
8:19 of 3rd period - Wrist shot by Brett Connolly.
8:19 of 3rd period - Shot Misses the Net.
8:21 of 3rd period - Slapshot by Tyler Bozak.
8:21 of 3rd period - Stopped by Darcy Kuemper with a rebound.
8:23 of 3rd period - Wrist shot by Tyler Bozak.
8:23 of 3rd period - Shot Blocked by Mirco Mueller.
8:25 of 3rd period - Slapshot by Tyler Bertuzzi.
8:25 of 3rd period - Stopped by Darcy Kuemper without a rebound.
8:26 of 3rd period - Luke Kunin wins face-off versus Sidney Crosby in Sharks zone.
9:13 of 3rd period - Wrist shot by Robert Thomas.
9:13 of 3rd period - Shot Blocked by Carson Soucy.
9:31 of 3rd period - Mark Borowiecki is hit by Braydon Coburn and loses puck.
9:48 of 3rd period - Alex Pietrangelo is hit by Niklas Hjalmarsson.
9:58 of 3rd period - Mirco Mueller is hit by Ryan Ellis and loses puck.
10:27 of 3rd period - Gabriel Landeskog is hit by Carl Hagelin and loses puck.
10:40 of 3rd period - Wrist shot by Andrew Shaw.
10:40 of 3rd period - Shot Blocked by Justin Braun.
13:25 of 3rd period - Snap shot by Alex Steen.
13:25 of 3rd period - Stopped by Darcy Kuemper without a rebound.
13:26 of 3rd period - Robert Thomas wins face-off versus Michael Chaput in Sharks zone.
13:35 of 3rd period - Mark Borowiecki is hit by Alex Steen and loses puck.
13:43 of 3rd period - Minor Penalty to Brendan Gaunce for Tripping.
13:44 of 3rd period - Boone Jenner wins face-off versus Mikael Backlund in Sharks zone.
13:44 of 3rd period - Boone Jenner is hit by Zach Parise.
13:55 of 3rd period - Boone Jenner is hit by Zach Parise and loses puck.
14:16 of 3rd period - Off-side.
14:17 of 3rd period - Jonathan Huberdeau wins face-off versus Mikael Backlund in neutral zone.
15:43 of 3rd period - Penalty to Brendan Gaunce is over, Brendan Gaunce is back on ice.
16:12 of 3rd period - Slapshot by Michael Raffl.
16:12 of 3rd period - Stopped by David Rittich without a rebound.
16:13 of 3rd period - Michael Chaput wins face-off versus Dylan Larkin in Blackhawks zone.
16:30 of 3rd period - Wrist shot by Teuvo Teravainen.
16:30 of 3rd period - Stopped by David Rittich with a rebound.
17:21 of 3rd period - Alex Pietrangelo is hit by Carl Hagelin and loses puck.
17:44 of 3rd period - Wrist shot by Dylan Larkin.
17:44 of 3rd period - Stopped by David Rittich without a rebound.
17:45 of 3rd period - Luke Kunin wins face-off versus Teuvo Teravainen in Blackhawks zone.
18:10 of 3rd period - Snap shot by Teuvo Teravainen.
18:10 of 3rd period - Stopped by David Rittich without a rebound.
18:11 of 3rd period - Tyler Bozak wins face-off versus Sidney Crosby in Blackhawks zone.
18:26 of 3rd period - Snap shot by Jonathan Huberdeau.
18:26 of 3rd period - Shot Misses the Net.
18:28 of 3rd period - Wrist shot by Gabriel Landeskog.
18:28 of 3rd period - Stopped by David Rittich without a rebound.
18:29 of 3rd period - Dylan Larkin wins face-off versus Luke Kunin in Blackhawks zone.
18:38 of 3rd period - Wrist shot by Zach Parise.
18:38 of 3rd period - Shot Misses the Net.
18:40 of 3rd period - Slapshot by Niklas Hjalmarsson.
18:40 of 3rd period - Stopped by Darcy Kuemper without a rebound.
18:41 of 3rd period - Luke Kunin wins face-off versus Sidney Crosby in Sharks zone.
19:08 of 3rd period - Tyler Bertuzzi is hit by Justin Braun and loses puck.
Goals for this period are 1 for Sharks vs 1 for Blackhawks.
Shots for this period are 11 for Sharks vs 11 for Blackhawks. Output by the SimonT Hockey Simulator (STHS) for Eric Tremblay - Original Page W3C HTML5 Valid
Hockey Simulator - Hockey Simulation - Hockey Manager